[Event "Titled Tuesday Blitz August 16 Early 2022"]
[White "Delorme, Axel"]
[Black "Kovacevic, Radmila"]
[WhiteFideId "632023"]
[BlackFideId "933171"]
[WhiteElo "2474"]
[BlackElo "2157"]
[Result "1-0"]
[Round "11"]
[TimeControl "180+2"]
[Date "2022.08.18"]
[WhiteClock "0:00:00"]
[BlackClock "0:00:00"]

1. d4 e5 2. dxe5 Nc6 3. Nf3 Qe7 4. Nc3 Nxe5 5. Nxe5 Qxe5 6. Qd5 Qxd5 7. Nxd5 Bd6 8. Bg5 c6 9. Nc3 Be5 10. O-O-O d5 11. f4 Bxc3 12. bxc3 Bf5 13. Rg1 f6 14. g4 Be4 15. Bh4 O-O-O 16. e3 h5 17. g5 f5 18. c4 g6 19. cxd5 Rxd5 20. Rxd5 Bxd5 21. c4 Be4 22. Be1 Ne7 23. Bg2 Bd3 24. Bf1 Be4 25. Bc3 Re8 26. Be2 Kc7 27. Rd1 Nc8 28. Be5+ Kb6 29. Kb2 c5 30. Kc3 Kc6 31. h4 b6 32. Rd2 a6 33. a4 Bh1 34. Ra2 Nd6 35. a5 Ne4+ 36. Kc2 b5 37. cxb5+ axb5 38. a6 Nd6 39. Bxd6 Be4+ 40. Kd2 Kxd6 41. Bxb5 Ra8 42. a7 Bd5 43. Ra6+ Kc7 44. Rxg6 Rxa7 45. Rg7+ Kb6 46. Rxa7 Kxa7 47. Be8 Kb6 48. Bxh5 Be6 49. Kc3 Kc6 50. Bf3+ Kd6 51. h5 Ke7 52. h6 Kf8 53. e4 Kg8 54. exf5 Bxf5 55. Be2 Kh8 56. Kc4 Kh7 57. Kxc5 Kg6 58. Kd4 Bd7 59. Ke5 Bc8 60. Bd3+ Kf7 61. Bf5 1-0


[Site "https://www.chess.com"]

[Event "Titled Tuesday Blitz August 16 Early 2022"]
[White "Demchenko, Anton"]
[Black "Zemlyanskii, Ivan"]
[WhiteFideId "4160258"]
[BlackFideId "24249971"]
[WhiteElo "2539"]
[BlackElo "1879"]
[Result "0-1"]
[Round "11"]
[TimeControl "180+1"]
[Date "2022.08.16"]
[WhiteClock "0:00:02"]
[BlackClock "0:00:12"]

1. e4 c5 2. Nf3 e6 3. g3 Nc6 4. Bg2 Nf6 5. Qe2 d5 6. exd5 Nxd5 7. O-O Be7 8. Rd1 Qb6 9. Na3 O-O 10. Nc4 Qa6 11. d3 b6 12. c3 Bb7 13. h4 Rad8 14. h5 h6 15. a4 Bf6 16. Bd2 Rfe8 17. Be1 Ba8 18. Nfd2 Qc8 19. Nf3 e5 20. Nh2 Qe6 21. Be4 Bg5 22. Qg4 Qe7 23. Qe2 Qe6 24. Bd2 Bxd2 25. Rxd2 Nf6 26. Ne3 Nxe4 27. dxe4 Ne7 28. f3 f5 29. Rxd8 Rxd8 30. exf5 Nxf5 31. Nxf5 Qxf5 32. g4 Qf4 33. Rd1 Qg3+ 34. Kh1 Rf8 35. Rf1 Rf4 36. Rg1 Rxf3 0-1


[Site "https://www.chess.com"]

[Event "Titled Tuesday Blitz August 16 Early 2022"]
[White "Eynullayev, Altay"]
[Black "Salman, Pavel"]
[WhiteFideId "13413562"]
[BlackFideId "24153753"]
[WhiteElo "2079"]
[BlackElo "2143"]
[Result "1-0"]
[Round "11"]
[TimeControl "180+2"]
[Date "2022.08.18"]
[WhiteClock "0:00:00"]
[BlackClock "0:00:00"]

1. e4 c5 2. Nf3 e6 3. d4 cxd4 4. Nxd4 a6 5. Bd3 Bc5 6. Nb3 Ba7 7. Qe2 Ne7 8. Nc3 Nbc6 9. Be3 d6 10. Bxa7 Rxa7 11. O-O-O e5 12. g3 b5 13. f4 b4 14. Nd5 a5 15. Bb5 Bd7 16. Nxe7 Qxe7 17. Qc4 a4 18. Bxc6 axb3 19. Bxd7+ Rxd7 20. Qxb3 O-O 21. Rhe1 Ra8 22. Kb1 Rda7 23. f5 h5 24. Rd3 Qc7 25. Re2 Qc5 26. Red2 Qg1+ 27. Rd1 Qxh2 28. Rxd6 Rxa2 29. Rd8+ Kh7 30. Rxa8 Rxa8 31. Qxf7 Rc8 32. Qb3 Qe2 33. Qd3 Qg4 34. Rh1 Rc7 35. Rh4 Qg5 36. Qf3 Kg8 37. Qxh5 Qxg3 38. Qe8# 1-0


[Site "https://www.chess.com"]

[Event "Titled Tuesday Blitz August 16 Early 2022"]
[White "Eynullayev, Atilla"]
[Black "Petrova, Irina"]
[WhiteFideId "13413570"]
[BlackFideId "14124122"]
[WhiteElo "1936"]
[BlackElo "2021"]
[Result "1-0"]
[Round "11"]
[TimeControl "180+2"]
[Date "2022.08.18"]
[WhiteClock "0:00:00"]
[BlackClock "0:00:00"]

1. Nf3 d6 2. g3 g6 3. Bg2 Bg7 4. O-O e5 5. Nc3 Nc6 6. e4 f5 7. exf5 Bxf5 8. d4 exd4 9. Nd5 Nge7 10. Re1 O-O 11. Nxe7+ Nxe7 12. Nxd4 c6 13. Ne6 Bxe6 14. Rxe6 Rf6 15. Qe2 Nd5 16. Bxd5 cxd5 17. Bg5 Qf8 18. Bxf6 Bxf6 19. Re1 Be5 20. f4 Bd4+ 21. Kg2 Qf5 22. Qd3 Qxd3 23. cxd3 Bxb2 24. Rb1 Bd4 25. Rxb7 Rc8 26. Rxd6 Rc2+ 27. Kh3 Rc8 28. Rxd5 Bb6 29. Rdd7 1-0


[Site "https://www.chess.com"]

[Event "Titled Tuesday Blitz August 16 Early 2022"]
[White "Filippova, Margarita"]
[Black "Lauridsen, Jesper Morch"]
[WhiteFideId "34199680"]
[BlackFideId "1401890"]
[WhiteElo "1734"]
[BlackElo "2221"]
[Result "1-0"]
[Round "11"]
[TimeControl "180+2"]
[Date "2022.08.18"]
[WhiteClock "0:00:00"]
[BlackClock "0:00:00"]

1. d4 Nf6 2. Nf3 d5 3. Bf4 e6 4. e3 Bd6 5. Bg3 O-O 6. Bd3 c5 7. c3 b6 8. Nbd2 Bb7 9. O-O Nc6 10. Qe2 Bxg3 11. hxg3 Qc7 12. dxc5 bxc5 13. e4 dxe4 14. Nxe4 Nxe4 15. Bxe4 Ne7 16. Bxb7 Qxb7 17. Rad1 Rfd8 18. Rxd8+ Rxd8 19. Ne5 Qd5 20. Nc4 Qd3 21. Qxd3 Rxd3 22. Re1 Nd5 23. Kf1 Nb6 24. Ke2 Rd8 25. Na5 c4 26. Nc6 Rd7 27. Rd1 Nd5 28. Na5 Rc7 29. Rd4 Kf8 30. Rxc4 Rxc4 31. Nxc4 Ke7 32. Ne5 a6 33. c4 Nb4 34. a3 Nc2 35. Kd2 Nd4 36. Kc3 Nf5 37. b4 f6 38. Nd3 h5 39. Nc5 h4 40. gxh4 Nxh4 41. g3 Nf3 42. Nxa6 Ne5 43. c5 Kd7 44. a4 Ng4 45. b5 Nxf2 46. b6 Ne4+ 47. Kd4 Nxc5 48. Nxc5+ 1-0


[Site "https://www.chess.com"]

[Event "Titled Tuesday Blitz August 16 Early 2022"]
[White "Floresvillar Gonzalez, Luis Migu"]
[Black "Qashashvili, Alexandre"]
[WhiteFideId "5100542"]
[BlackFideId "13600842"]
[WhiteElo "2040"]
[BlackElo "2316"]
[Result "0-1"]
[Round "11"]
[TimeControl "180+2"]
[Date "2022.08.18"]
[WhiteClock "0:00:00"]
[BlackClock "0:00:00"]

1. d4 d5 2. c3 c6 3. Bf4 Bf5 4. Qb3 Qb6 5. Nd2 Qxb3 6. axb3 Nd7 7. b4 a6 8. e3 Rc8 9. Nb3 f6 10. Na5 e5 11. dxe5 fxe5 12. Bg3 Rc7 13. Nf3 Bd6 14. Be2 Ngf6 15. O-O Ne4 16. Rfd1 Nxg3 17. hxg3 O-O 18. Nh4 Be6 19. e4 Nf6 20. exd5 cxd5 21. Nf3 Rcf7 22. Rd2 Ne4 23. Rc2 Bf5 24. Nh4 Nxf2 25. Nxf5 Rxf5 26. Bf3 e4 27. Rxf2 exf3 28. Rxf3 Rxf3 29. gxf3 Rxf3 30. Nxb7 Bxg3 31. Kg2 Re3 32. Rxa6 h5 33. Ra8+ Kh7 34. b5 h4 35. b6 Re2+ 36. Kh3 Rxb2 37. Ra6 Bf2 38. Nd8 Rxb6 39. Rxb6 Bxb6 40. Ne6 Ba5 41. Kxh4 Bxc3 42. Kg5 Bf6+ 43. Kf5 d4 44. Ke4 Kh6 45. Nxd4 Bxd4 46. Kxd4 Kg5 47. Ke4 Kg4 48. Ke3 Kg3 49. Ke4 g5 50. Kf5 g4 51. Kg5 Kf3 52. Kf5 g3 0-1


[Site "https://www.chess.com"]

[Event "Titled Tuesday Blitz August 16 Early 2022"]
[White "Garrido, Denis"]
[Black "Tasev, Dejan"]
[WhiteFideId "601217"]
[BlackFideId "936618"]
[WhiteElo "2205"]
[BlackElo "2253"]
[Result "0-1"]
[Round "11"]
[TimeControl "180+2"]
[Date "2022.08.18"]
[WhiteClock "0:00:00"]
[BlackClock "0:00:00"]

1. Nf3 Nf6 2. c4 g6 3. Nc3 Bg7 4. d4 O-O 5. Bf4 d6 6. h3 Nbd7 7. e3 c5 8. Be2 a6 9. O-O Rb8 10. a4 b6 11. Qc2 Bb7 12. Rad1 Qc7 13. Rfe1 Rbc8 14. d5 Rb8 15. e4 Ne8 16. Bf1 f6 17. h4 Ne5 18. Nxe5 dxe5 19. Be3 Nd6 20. f3 f5 21. a5 bxa5 22. Na4 fxe4 23. fxe4 Bc8 24. Nxc5 Bf6 25. g3 Bg4 26. Rc1 Qc8 27. Be2 Bxe2 28. Qxe2 Qh3 29. Qg2 Qg4 30. Rc2 Rb4 31. Ne6 Rfb8 32. Bc5 Rxc4 33. Bxd6 Rxc2 34. Bxb8 Rxg2+ 35. Kxg2 Bxh4 36. Bxe5 h5 37. Kh2 Bg5 38. Nxg5 Qxg5 39. Bf4 Qg4 40. Re3 h4 41. b3 hxg3+ 42. Bxg3 Qd1 43. Kg2 Kf7 44. Be5 Ke8 45. Rc3 Qg4+ 46. Bg3 Qxe4+ 47. Kh3 Qxd5 0-1


[Site "https://www.chess.com"]

[Event "Titled Tuesday Blitz August 16 Early 2022"]
[White "Ginzburg, Yakov"]
[Black "Kuchava, Ana"]
[WhiteFideId "4157176"]
[BlackFideId "13605348"]
[WhiteElo "2265"]
[BlackElo "1955"]
[Result "1-0"]
[Round "11"]
[TimeControl "180+2"]
[Date "2022.08.18"]
[WhiteClock "0:00:00"]
[BlackClock "0:00:00"]

1. e4 c5 2. Nf3 d6 3. c3 Nf6 4. Be2 Nc6 5. d4 cxd4 6. cxd4 d5 7. e5 Ne4 8. O-O Bf5 9. Nc3 Nxc3 10. bxc3 e6 11. Qb3 Qc7 12. Ba3 Bxa3 13. Qxa3 Qe7 14. Qxe7+ Kxe7 15. c4 dxc4 16. Bxc4 Be4 17. Rfd1 Bxf3 18. gxf3 Rhd8 19. Rab1 b6 20. Kg2 Nxd4 21. f4 Nf5 22. Bd3 Nd4 23. Be4 Rac8 24. Rd3 Nb5 25. Rxb5 Rc4 26. Kf3 Ra4 27. Rxd8 Kxd8 28. Rb2 Ra3+ 29. Ke2 Kc7 30. Rc2+ Kd7 31. f5 Ra5 32. f4 Ra4 33. Ke3 Ra3+ 34. Kd4 Ra4+ 35. Kd3 Ra3+ 36. Rc3 Rxa2 37. fxe6+ fxe6 38. h3 h6 39. f5 Ra5 40. Kd4 Ra4+ 41. Ke3 Ra5 42. Kf4 exf5 43. Bxf5+ Kd8 44. Rc8+ Ke7 45. Rc7+ Kd8 46. Rxg7 Ra4+ 47. Be4 b5 48. e6 Ra6 49. Ke5 b4 50. Bg6 Ra5+ 51. Kf6 Ra6 52. Kf7 1-0


[Site "https://www.chess.com"]

[Event "Titled Tuesday Blitz August 16 Early 2022"]
[White "Girinath, P.D.S."]
[Black "Kambrath, Yannick"]
[WhiteFideId "5000572"]
[BlackFideId "20632525"]
[WhiteElo "2369"]
[BlackElo "2236"]
[Result "1-0"]
[Round "11"]
[TimeControl "180+1"]
[Date "2022.08.16"]
[WhiteClock "0:00:05"]
[BlackClock "0:00:07"]

1. e4 c5 2. Nf3 e6 3. d3 b5 4. a4 b4 5. e5 Bb7 6. Nbd2 f6 7. Nc4 Nc6 8. Bf4 fxe5 9. Nfxe5 Nxe5 10. Bxe5 d6 11. Bg3 Nf6 12. d4 cxd4 13. Qxd4 e5 14. Qd2 Be7 15. Qxb4 Rb8 16. Qa5 Qc8 17. O-O-O O-O 18. f3 Bd5 19. Rxd5 Nxd5 20. Qxd5+ Kh8 21. Bd3 Qc7 22. h4 Rb4 23. h5 Bg5+ 24. Kb1 Rc8 25. Qe4 g6 26. hxg6 h6 27. g7+ Kxg7 28. Qh7+ Kf8 29. Qxc7 Rxc7 30. Nxd6 Ke7 31. Ne4 Bf4 32. Bxf4 exf4 33. b3 Rb6 34. Rh4 Rg6 35. Rxf4 Rxg2 36. Kb2 Rc8 37. Rh4 Rh8 38. Nc3 h5 39. Nd5+ Ke6 40. Nf4+ Ke5 41. Nxg2 1-0


[Site "https://www.chess.com"]

[Event "Titled Tuesday Blitz August 16 Early 2022"]
[White "Gonzalez Vega, Alejandro"]
[Black "Winkels, Marcel"]
[WhiteFideId "3510042"]
[BlackFideId "1003887"]
[WhiteElo "2092"]
[BlackElo "1900"]
[Result "1-0"]
[Round "11"]
[TimeControl "180+2"]
[Date "2022.08.18"]
[WhiteClock "0:00:00"]
[BlackClock "0:00:00"]

1. e4 c5 2. Nf3 d6 3. d4 cxd4 4. c3 Nf6 5. cxd4 Nxe4 6. d5 Nf6 7. Nc3 g6 8. h3 Bg7 9. Bd3 O-O 10. O-O Nbd7 11. Re1 Nb6 12. Bc2 Bd7 13. Bb3 Rc8 14. Bg5 Nc4 15. Qe2 b5 16. a4 a6 17. axb5 Bxb5 18. Nxb5 axb5 19. Bxc4 Rxc4 20. Rad1 Re8 21. Be3 Qa8 22. b3 Rc7 23. Qxb5 Rb8 24. Qd3 Qb7 25. Nd2 Nd7 26. Qe4 Nc5 27. Bxc5 dxc5 28. Qc4 Qb4 29. Re4 Qxc4 30. bxc4 Rb2 31. Nf3 Bf6 32. d6 exd6 33. Rxd6 Ra7 34. Rxf6 Ra1+ 35. Kh2 Rxf2 36. Ref4 Rc1 37. Rxf7 g5 38. Nxg5 Rxf4 39. Rxf4 Kg7 40. Nf3 Kg6 41. Kg3 h5 42. h4 Rc2 43. Ne5+ Kg7 44. Nd7 Rc3+ 45. Kh2 Rc2 46. Nxc5 Rf2 47. Rxf2 1-0


[Site "https://www.chess.com"]

[Event "Titled Tuesday Blitz August 16 Early 2022"]
[White "Gubajdullin, Alexei"]
[Black "Weetik, Vjacheslav"]
[WhiteFideId "4141202"]
[BlackFideId "4153472"]
[WhiteElo "2214"]
[BlackElo "2469"]
[Result "0-1"]
[Round "11"]
[TimeControl "180+1"]
[Date "2022.08.16"]
[WhiteClock "0:00:01"]
[BlackClock "0:01:09"]

1. Nf3 Nf6 2. c4 g6 3. g3 c6 4. Bg2 d5 5. b3 Bg7 6. Bb2 O-O 7. O-O a5 8. Nc3 Na6 9. cxd5 Nxd5 10. Qc1 Nac7 11. Ne4 f6 12. a3 e5 13. d4 f5 14. Nc5 e4 15. Ne5 Qe7 16. f3 e3 17. Ncd3 f4 18. gxf4 Ne6 19. Kh1 Qh4 20. f5 Rxf5 21. f4 Nexf4 22. Nxf4 Nxf4 23. Qxe3 Nxg2 24. Kxg2 Rg5+ 25. Kh1 Be6 26. Nf3 Bd5 27. Rg1 Rf5 28. Rg2 Qh5 29. Rf1 Raf8 30. Rgf2 Bh6 0-1


[Site "https://www.chess.com"]

[Event "Titled Tuesday Blitz August 16 Early 2022"]
[White "Harsh Suresh"]
[Black "Iljin, Timofey"]
[WhiteFideId "45018464"]
[BlackFideId "14110180"]
[WhiteElo "2070"]
[BlackElo "2404"]
[Result "1-0"]
[Round "11"]
[TimeControl "180+1"]
[Date "2022.08.16"]
[WhiteClock "0:00:15"]
[BlackClock "0:00:14"]

1. e4 d5 2. exd5 Nf6 3. Be2 Nxd5 4. d4 Nc6 5. Nf3 Bg4 6. c4 Nb6 7. c5 Nd5 8. Nc3 e6 9. O-O Be7 10. h3 Bh5 11. Bc4 O-O 12. Nxd5 exd5 13. Bb5 Bxf3 14. gxf3 Bf6 15. Bxc6 bxc6 16. Re1 Qd7 17. Kg2 Rfe8 18. Be3 Qf5 19. Qb1 Qh5 20. Qd3 Re6 21. Rh1 Rae8 22. Rae1 Bg5 23. Qf5 Rg6 24. Kh2 h6 25. Bxg5 Rxe1 26. Rxe1 Qxg5 27. Re8+ Kh7 28. Qxg5 hxg5 29. Re7 Rf6 30. Rxc7 Rxf3 31. Kg2 Rd3 32. Rxc6 Rxd4 33. Rc7 Rd2 34. b4 Rxa2 35. Rxf7 Rb2 36. Rb7 a6 37. c6 Rc2 38. c7 d4 39. Kf3 Kg6 40. Ke4 Kh5 41. Kxd4 Kh4 42. Kd5 Kxh3 43. Kd6 Rd2+ 44. Kc6 Rc2+ 45. Kb6 Kg2 46. Rb8 Kxf2 47. c8=Q Rxc8 48. Rxc8 g4 49. Rg8 g3 50. Rxg7 g2 51. Kxa6 g1=Q 52. Rxg1 Kxg1 53. b5 Kf2 54. b6 Ke3 55. b7 Kd4 56. b8=Q Kc5 57. Qc7+ Kd5 58. Kb5 Ke4 59. Kc4 Ke3 60. Qe7+ Kf4 61. Kd4 Kf5 62. Qf7+ Kg4 63. Ke3 Kg3 64. Qg6+ 1-0


[Site "https://www.chess.com"]

[Event "Titled Tuesday Blitz August 16 Early 2022"]
[White "Harshavardhan G B"]
[Black "Lazavik, Denis"]
[WhiteFideId "25059009"]
[BlackFideId "13515110"]
[WhiteElo "1890"]
[BlackElo "2437"]
[Result "0-1"]
[Round "11"]
[TimeControl "180+1"]
[Date "2022.08.16"]
[WhiteClock "0:00:11"]
[BlackClock "0:00:13"]

1. d4 f5 2. c4 Nf6 3. g3 g6 4. Bg2 Bg7 5. Nc3 O-O 6. Nf3 d6 7. O-O c6 8. d5 e5 9. e4 cxd5 10. cxd5 Na6 11. Be3 h6 12. exf5 gxf5 13. Nh4 Qe8 14. f4 Ng4 15. Qd2 Nxe3 16. Qxe3 e4 17. Kh1 Nb4 18. Rad1 Bd7 19. g4 fxg4 20. Bxe4 Qh5 21. Qg3 Bf6 22. Ng6 Rfe8 23. Bb1 Bf5 24. Ne5 Bh4 25. Qg2 dxe5 26. Bxf5 Qxf5 27. fxe5 Qg6 28. Rd4 Rxe5 29. Rxb4 h5 30. Rxb7 Rae8 31. d6 Qxd6 32. Rxa7 Re1 33. Rf7 Bf6 34. Rb7 Rxf1+ 35. Qxf1 Qc6+ 36. Kg1 Bd4+ 0-1


[Site "https://www.chess.com"]

[Event "Titled Tuesday Blitz August 16 Early 2022"]
[White "Hess, Robert"]
[Black "Babazada, Khazar"]
[WhiteFideId "2022036"]
[BlackFideId "13413554"]
[WhiteElo "2557"]
[BlackElo "2409"]
[Result "0-1"]
[Round "11"]
[TimeControl "180+1"]
[Date "2022.08.16"]
[WhiteClock "0:00:03"]
[BlackClock "0:00:32"]

1. e4 Nf6 2. e5 Nd5 3. d4 d6 4. c4 Nb6 5. exd6 cxd6 6. Nc3 g6 7. Be3 Bg7 8. Rc1 O-O 9. b3 Bf5 10. Nf3 d5 11. c5 Nc8 12. b4 a6 13. Qb3 e6 14. h3 Ne7 15. g4 Be4 16. Nxe4 dxe4 17. Ng5 Nbc6 18. Rd1 Nd5 19. h4 Ncxb4 20. Nxe4 a5 21. Bg5 Qc7 22. Bc4 a4 23. Qb1 Nc6 24. Bxd5 exd5 25. Nf6+ Bxf6 26. Bxf6 Qf4 27. g5 Rfe8+ 28. Kf1 Qf3 29. Rh2 Re4 30. Qd3 Qf4 31. Qg3 Qf5 32. h5 Rae8 33. hxg6 fxg6 34. Qc7 Ne7 35. Qxb7 Qf4 36. Rh3 Qg4 37. Rdd3 h5 38. gxh6 Kh7 39. Rdg3 Qd1+ 40. Kg2 Re1 41. Rh2 Rg1+ 42. Kh3 Qh5+ 43. Bh4 Qf5+ 44. Rg4 Qxg4# 0-1


[Site "https://www.chess.com"]

[Event "Titled Tuesday Blitz August 16 Early 2022"]
[White "Janaszak, Dawid"]
[Black "Ianov, Viktor"]
[WhiteFideId "1119206"]
[BlackFideId "14102730"]
[WhiteElo "2165"]
[BlackElo "2152"]
[Result "1-0"]
[Round "11"]
[TimeControl "180+2"]
[Date "2022.08.18"]
[WhiteClock "0:00:00"]
[BlackClock "0:00:00"]

1. d4 d6 2. e4 Nf6 3. Nc3 c6 4. Nge2 Nbd7 5. g3 e5 6. Bg2 Be7 7. a4 b6 8. h3 h5 9. b3 a6 10. Qd2 Bb7 11. Bb2 b5 12. f4 O-O 13. O-O-O b4 14. Nb1 a5 15. g4 exd4 16. g5 Nh7 17. Qxd4 f6 18. g6 Nc5 19. gxh7+ Kxh7 20. Ng3 g6 21. f5 Qe8 22. Bf3 h4 23. fxg6+ Qxg6 24. Nf5 Rae8 25. Rhg1 1-0


[Site "https://www.chess.com"]

[Event "Titled Tuesday Blitz August 16 Early 2022"]
[White "Jiganchine, Roman"]
[Black "Fiorito, Joaquin"]
[WhiteFideId "2603667"]
[BlackFideId "180173"]
[WhiteElo "2205"]
[BlackElo "1758"]
[Result "1-0"]
[Round "11"]
[TimeControl "180+2"]
[Date "2022.08.18"]
[WhiteClock "0:00:00"]
[BlackClock "0:00:00"]

1. Nf3 d5 2. e3 Nf6 3. c4 c6 4. Nc3 Bf5 5. cxd5 cxd5 6. Qb3 Bc8 7. Ne5 a6 8. d4 e6 9. Bd3 Bd6 10. O-O O-O 11. f4 b5 12. a4 b4 13. Nb1 Bb7 14. a5 Ne4 15. Nd2 f6 16. Bxe4 fxe5 17. fxe5 Rxf1+ 18. Nxf1 Be7 19. Bf3 Nc6 20. Qa4 g6 21. Nd2 Kg7 22. Nb3 Rc8 23. Bd2 Na7 24. Rc1 Bc6 25. Qa1 Bb5 26. Nc5 Bxc5 27. Rxc5 Rxc5 28. dxc5 Nc6 29. b3 Qxa5 30. Qxa5 Nxa5 31. Bxb4 Nc6 32. Bc3 Bd3 33. b4 Kf7 34. Kf2 Ke7 35. h4 Kd7 36. Ke1 Na7 37. Kd2 Bc4 38. e4 Nb5 39. exd5 exd5 40. Bb2 d4 41. Bg4+ Ke7 42. Bc8 Bd5 43. g3 Nc7 44. Bxd4 Bc4 45. Bb2 Nd5 46. Bb7 Nc7 47. Bc3 Nd5 48. Bxd5 Bxd5 49. Ke3 Ke6 50. Kf4 h5 51. Kg5 Be4 52. Kh6 Bf5 53. Kg7 Be4 54. Kf8 Kd7 55. Kf7 Bf5 56. Kf6 Kc6 57. e6 Be4 58. e7 Kd7 59. Kf7 Bd5+ 60. Kf8 1-0


[Site "https://www.chess.com"]

[Event "Titled Tuesday Blitz August 16 Early 2022"]
[White "Johnson, Ben"]
[Black "Sultana, Sharmin Shirin"]
[WhiteFideId "2010917"]
[BlackFideId "10204482"]
[WhiteElo "2050"]
[BlackElo "1987"]
[Result "0-1"]
[Round "11"]
[TimeControl "180+2"]
[Date "2022.08.18"]
[WhiteClock "0:00:00"]
[BlackClock "0:00:00"]

1. Nf3 d5 2. e3 Nf6 3. c4 Bg4 4. cxd5 Nxd5 5. Nc3 c6 6. Qb3 Nb6 7. Ne5 Be6 8. Qc2 g6 9. d4 Bg7 10. Be2 N8d7 11. Nf3 Bc4 12. b3 Bxe2 13. Qxe2 O-O 14. Bb2 c5 15. Ne4 cxd4 16. Bxd4 e5 17. Bb2 Qe7 18. O-O f5 19. Nc3 Rfd8 20. Rfd1 Nc5 21. Ba3 e4 22. Nd4 Qe5 23. Qb5 Nd3 24. Qxe5 Bxe5 25. Nce2 Nd5 26. Rab1 Rac8 27. f4 Bf6 28. Ne6 Re8 29. N6d4 Kf7 30. g4 Bxd4 31. Nxd4 Nxe3 32. Rd2 Nxg4 33. h3 Ne3 0-1


[Site "https://www.chess.com"]

[Event "Titled Tuesday Blitz August 16 Early 2022"]
[White "Khabinets, Ivan"]
[Black "Papayan, Oleg"]
[WhiteFideId "14115980"]
[BlackFideId "4193911"]
[WhiteElo "2114"]
[BlackElo "2038"]
[Result "1-0"]
[Round "11"]
[TimeControl "180+2"]
[Date "2022.08.18"]
[WhiteClock "0:00:00"]
[BlackClock "0:00:00"]

1. e4 e5 2. Nf3 Nc6 3. Bb5 a6 4. Ba4 Nf6 5. Nc3 b5 6. Bb3 Bc5 7. O-O O-O 8. d3 h6 9. a4 b4 10. Nd5 d6 11. a5 Rb8 12. h3 Nxd5 13. Bxd5 Ne7 14. Bc4 Ng6 15. Be3 Bxe3 16. fxe3 c6 17. Qe1 d5 18. exd5 cxd5 19. Bb3 Be6 20. Qg3 Rb5 21. Nxe5 Nxe5 22. Qxe5 Rxa5 23. Rxa5 Qxa5 24. Kh1 Qb6 25. Qd4 Qxd4 26. exd4 a5 27. Ra1 Ra8 28. Kg1 Kf8 29. Kf2 Ke7 30. Ke3 Kd6 31. Kd2 Bd7 32. c4 a4 33. c5+ Ke6 34. Re1+ Kf6 35. Bxd5 Ra5 36. Rf1+ Kg5 37. Rxf7 Bf5 38. Rxg7+ Kf6 39. Rf7+ Kg6 40. g4 Bc8 41. Rc7 Ba6 42. Be4+ Kg5 43. d5 a3 44. d6 Bb5 45. bxa3 bxa3 46. c6 a2 47. d7 Ra8 48. Rc8 Rxc8 49. dxc8=Q a1=Q 50. Qf5+ Kh4 51. Qxb5 Kxh3 52. Bf5 Qa2+ 53. Ke3 h5 54. Qc4 h4 55. g5+ Kg3 56. Qxa2 h3 57. Qf2# 1-0


[Site "https://www.chess.com"]

[Event "Titled Tuesday Blitz August 16 Early 2022"]
[White "Kiseljova, Marya"]
[Black "Grot, Blazej"]
[WhiteFideId "4155009"]
[BlackFideId "21835845"]
[WhiteElo "1697"]
[BlackElo "1614"]
[Result "0-1"]
[Round "11"]
[TimeControl "180+2"]
[Date "2022.08.18"]
[WhiteClock "0:00:00"]
[BlackClock "0:00:00"]

1. d4 Nf6 2. c4 e6 3. g3 d5 4. Nf3 Be7 5. Bg2 O-O 6. O-O c6 7. Qc2 b6 8. Nbd2 Bb7 9. e4 Na6 10. a3 c5 11. cxd5 exd5 12. e5 Nd7 13. dxc5 Naxc5 14. b4 Ne6 15. Bb2 Rc8 16. Qd3 h6 17. Rac1 Rxc1 18. Rxc1 Qa8 19. Nb3 a5 20. bxa5 bxa5 21. Nbd4 Ndc5 22. Qe2 Rc8 23. Nb5 Ba6 24. Nfd4 Qb7 25. Bf1 Rb8 26. a4 Nxa4 27. Nxe6 fxe6 28. Rc7 Qxc7 29. Nxc7 Bxe2 30. Bd4 Bxf1 31. Kxf1 Bc5 32. Nxe6 Bxd4 33. Nxd4 Nc5 34. e6 Re8 35. Ke1 Nxe6 36. Nc6 0-1


[Site "https://www.chess.com"]

[Event "Titled Tuesday Blitz August 16 Early 2022"]
[White "Korelskiy, Egor"]
[Black "Yurasova, Daria"]
[WhiteFideId "34329064"]
[BlackFideId "34146919"]
[WhiteElo "2077"]
[BlackElo "2021"]
[Result "1-0"]
[Round "11"]
[TimeControl "180+2"]
[Date "2022.08.18"]
[WhiteClock "0:00:00"]
[BlackClock "0:00:00"]

1. e4 e5 2. Nf3 Nc6 3. Bb5 a6 4. Ba4 Nf6 5. O-O b5 6. Bb3 Bc5 7. c3 d6 8. d4 Bb6 9. Re1 Bb7 10. Bc2 h6 11. h3 O-O 12. Be3 Ba7 13. Nbd2 Re8 14. Rc1 exd4 15. Nxd4 Nxd4 16. cxd4 c5 17. d5 c4 18. Bxa7 Rxa7 19. Qf3 Nd7 20. b3 Ne5 21. Qe3 Ra8 22. bxc4 Nxc4 23. Nxc4 bxc4 24. Qd4 Rc8 25. Ba4 Re7 26. Rxc4 Rxc4 27. Qxc4 Qa5 28. Rc1 Qd2 29. Qc2 Qd4 30. Bc6 Bc8 31. Re1 Bf5 32. Qb3 Bxe4 33. Qb8+ Kh7 34. Qxd6 Re5 35. Kh2 Rf5 36. f3 Bxf3 37. Qg3 Qf2 38. Qxf2 Be4 39. Qxf5+ Bxf5 40. d6 Bd7 41. Bxd7 1-0


[Site "https://www.chess.com"]

[Event "Titled Tuesday Blitz August 16 Early 2022"]
[White "Kotepalli, Sai Nirupama"]
[Black "Atanasov, Anthony"]
[WhiteFideId "5039444"]
[BlackFideId "2623897"]
[WhiteElo "1910"]
[BlackElo "1928"]
[Result "0-1"]
[Round "11"]
[TimeControl "180+2"]
[Date "2022.08.18"]
[WhiteClock "0:00:00"]
[BlackClock "0:00:00"]

1. e4 c5 2. Nf3 d6 3. d3 Nf6 4. g3 Nc6 5. Bg2 g6 6. O-O Bg7 7. c3 O-O 8. Qe2 Bg4 9. a3 a5 10. a4 d5 11. e5 Nd7 12. Bf4 Ndxe5 13. Nbd2 d4 14. c4 f5 15. h3 Nxf3+ 16. Nxf3 Bxf3 17. Bxf3 e5 18. Bd2 Qd7 19. Bd5+ Kh8 20. f4 Rae8 21. Qg2 Re7 22. Bxc6 Qxc6 23. Bxa5 e4 24. b4 b6 25. b5 Qb7 26. Bd2 Ra8 27. a5 e3 28. Qxb7 Rxb7 29. Be1 Rba7 30. a6 Re7 31. Rf3 h6 32. g4 Rf8 33. g5 Kh7 34. h4 Kg8 35. Kf1 Ra7 36. Ke2 Kf7 37. Rg3 Rh8 38. Rh3 hxg5 39. fxg5 Ke6 40. Rf3 Be5 41. Ra2 f4 42. Ra1 Kf5 43. Ra2 Kg4 44. Ra1 Rhh7 45. Ra2 Rh5 46. Ra1 Ra8 47. Ra2 Rah8 48. a7 Ra8 49. Rf1 Rh7 50. Ra6 Rb7 51. Rg1+ Kf5 52. Kf3 Raxa7 0-1


[Site "https://www.chess.com"]

[Event "Titled Tuesday Blitz August 16 Early 2022"]
[White "Lakshmi C"]
[Black "Zherebtsova, Alexandra"]
[WhiteFideId "25035347"]
[BlackFideId "24129518"]
[WhiteElo "1775"]
[BlackElo "2025"]
[Result "1/2-1/2"]
[Round "11"]
[TimeControl "180+2"]
[Date "2022.08.18"]
[WhiteClock "0:00:00"]
[BlackClock "0:00:00"]

1. e4 e5 2. Nf3 Nc6 3. Bb5 a6 4. Ba4 Nf6 5. O-O Be7 6. Re1 b5 7. Bb3 d6 8. c3 O-O 9. h3 Bb7 10. d4 Re8 11. Nbd2 Bf8 12. Bc2 g6 13. a4 Bg7 14. Bb1 Qd7 15. Nf1 exd4 16. cxd4 Nb4 17. Ng3 a5 18. axb5 Qxb5 19. Ra3 Re7 20. d5 Nd7 21. Nd4 Qa6 22. Nb3 Qb5 23. Nd4 Qa6 24. Nb3 Qb5 25. Nd4 1/2-1/2


[Site "https://www.chess.com"]

[Event "Titled Tuesday Blitz August 16 Early 2022"]
[White "Le, Tuan Minh"]
[Black "Grandelius, Nils"]
[WhiteFideId "12401153"]
[BlackFideId "1710400"]
[WhiteElo "2530"]
[BlackElo "2617"]
[Result "1-0"]
[Round "11"]
[TimeControl "180+1"]
[Date "2022.08.16"]
[WhiteClock "0:00:39"]
[BlackClock "0:00:12"]

1. d4 Nf6 2. Nf3 g6 3. Bg5 Bg7 4. Nbd2 d6 5. c3 O-O 6. e4 c5 7. dxc5 dxc5 8. Bc4 Nc6 9. Qe2 h6 10. Bxf6 exf6 11. O-O Qe7 12. Rae1 h5 13. Nh4 Be6 14. f4 Bxc4 15. Qxc4 Na5 16. Qe2 f5 17. Nhf3 fxe4 18. Nxe4 Rfe8 19. Qb5 Nc6 20. Qxc5 Qc7 21. f5 Qb6 22. fxg6 fxg6 23. Kh1 Qxc5 24. Nxc5 b6 25. Ne6 Na5 26. Nh4 Nc4 27. Nxg6 Nxb2 28. Ngf4 h4 29. g3 Bxc3 30. Re2 Na4 31. gxh4 Nc5 32. Rg2+ Kh8 33. Nc7 1-0


[Site "https://www.chess.com"]